 Dungeon Crawl Stone Soup version 0.14.2 (webtiles) character file.

129179 mrath the Fighter (level 16, -7/176 HPs)
             Began as a Minotaur Chaos Knight on Jan 21, 2016.
             Was a Plaything of Xom.
             Mangled by an Executioner (18 damage)
             ... on Level 1 of the Abyss on Jan 22, 2016.
             The game lasted 09:41:00 (48455 turns).

mrath the Fighter (Minotaur Chaos Knight)          Turns: 48455, Time: 09:41:00

HP  -7/176       AC 32     Str 34      XL: 16   Next: 46%
MP  27/27        EV 18     Int 10 (13) God: Xom
Gold 1448        SH 17     Dex 15      Spells:  0 memorised, 15 levels left

rFire  + . .     SeeInvis +     e - +6 dagger (distort)
rCold  + . .     Clarity  +     Z - +6 scale mail {MR+}
rNeg   . . .     Conserve .     E - +3 buckler {reflect}
rPois  +         rCorr    +     (helmet unavailable)
rElec  .         rRot     .     J - +0 cloak
SustAb . .       Spirit   .     y - +1 pair of gloves {Str+3}
rMut   .         Warding  .     W - +2 pair of boots {Fly}
Saprov . . .     Stasis   .     d - amulet of clarity
MR     ++...                    A - ring of Law {Str+4 SInv}
                                o - ring of Qehiorac {AC+4 Int+2 Acc+6 Dam+4}

@: flying, very resistant to hostile enchantments, extremely unstealthy
A: retaliatory headbutt, horns 3, talons 2, yellow scales 3, agile 2, blurry
vision 1, carnivore 2, clever 1, cold resistance 1, fire resistance 1, mutation
resistance 1, sense surroundings 1, poison resistance, robust 2, shaggy fur 1,
spit poison 1, strong 2, wild magic 1
a: Spit Poison, Renounce Religion, Stop Flying


You were on level 1 of the Abyss.
You worshipped Xom.
You were a toy of Xom.
You were not hungry.

You visited 5 branches of the dungeon, and saw 30 of its levels.
You visited the Abyss 1 time.
You also visited: Labyrinth, Ossuary and Bailey.

You collected 3178 gold pieces.
You spent 1730 gold pieces at shops.

Inventory:

Hand weapons
 e - a +6,+6 dagger of distortion (weapon)
Missiles
 n - 145 darts (quivered)
 Q - 19 sling bullets
Armour
 v - a swamp dragon hide
 y - a +1 pair of gloves of strength (worn)
 E - a +3 buckler of reflection (worn)
 J - a +0 cloak (worn)
 W - a +2 pair of boots of flying (worn)
 Z - a +6 scale mail of magic resistance (worn)
Magical devices
 r - a wand of paralysis (14)
 t - a wand of heal wounds (2)
 M - a wand of lightning (2)
 S - a wand of polymorph (0)
 U - a wand of digging (17)
Comestibles
 a - 3 meat rations
 s - an apple
 K - a choko
Scrolls
 f - 2 scrolls of fog {unknown}
 j - 2 scrolls of blinking
 w - a scroll of teleportation
 x - 2 scrolls of noise {unknown}
 z - 5 scrolls of remove curse
 B - 7 scrolls of fear
 D - a scroll of vulnerability
Jewellery
 d - an amulet of clarity (around neck)
 k - an uncursed amulet of stasis
 o - the ring of Qehiorac (left hand) {AC+4 Int+2 Acc+6 Dam+4}
   (You found it on level 15 of the Dungeon)

   [ring of protection]

   It affects your AC (+4).
   It affects your intelligence (+2).
   It affects your accuracy with ranged weapons and melee attacks (+6).
   It affects your damage with ranged weapons and melee attacks (+4).
 A - the ring of Law (right hand) {Str+4 SInv}
   (You found it on level 15 of the Dungeon)

   [ring of see invisible]

   It affects your strength (+4).
 F - a +6 ring of evasion
 O - an uncursed ring of protection from cold {unknown}
Potions
 b - 2 potions of lignification
 g - 3 potions of haste
 h - 20 potions of curing
 l - 9 potions of heal wounds
 q - 2 potions of resistance
 C - 3 potions of magic {unknown}
 I - 2 potions of berserk rage
 L - 2 potions of agility
Miscellaneous
 m - a box of beasts
 G - a stone of tremors


   Skills:
 + Level 14.9 Fighting
 + Level 13.9 Short Blades
   Level 5.0 Axes
 + Level 8.2 Throwing
 + Level 14.2 Armour
 + Level 13.2 Dodging
 + Level 11.1 Shields
 + Level 12.0 Evocations


You had 15 spell levels left.
You didn't know any spells.

Dungeon Overview and Level Annotations

Branches:
Dungeon (15/15)            Temple (1/1) D:4             Orc (4/4) D:9
    Elf (0/3) Orc:3          Lair (8/8) D:9           Swamp (2/5) Lair:6
  Snake (0/5) Lair:5        Slime (0/6) Lair:8       Vaults (0/5) D:13
 Depths (0/5) D:15

Altars:
Dithmenos
Elyvilon
Kikubaaqudgha
Okawaru
Sif Muna
Trog
Yredelemnul
Zin
Beogh
Jiyva

Shops:
D:9 [   D:12 ?[?}   Orc:3 %   Orc:4 [[**

Annotations:
D:3 Sigmund
D:14 Frances
D:15 Louise
Lair:2 exclusion: oklob plant
Lair:3 exclusion: oklob plant
Lair:6 exclusion: oklob plant
Lair:7 exclusion: oklob plant
Abyss:1 Rupert


Innate Abilities, Weirdness & Mutations

You reflexively headbutt those who attack you in melee.
You have a pair of large horns on your head.
You have razor-sharp toenails.
You are completely covered in yellow scales (AC +4, rCorr).
You are very agile. (Dex +4)
Your vision is a little blurry.
Your digestive system is highly specialised to digest meat.
Your mind is acute. (Int +2)
Your flesh is cold resistant.
Your flesh is heat resistant.
You are somewhat resistant to further mutation.
You passively map a small area around you.
Your system is resistant to poisons.
You are very robust (+20% HP).
You are covered in fur (AC +1).
You can spit poison.
Your muscles are very strong. (Str +4)
Your spells are a little harder to cast, but a little more powerful.


Message History

You block the Executioner's attack.
The Executioner hits you but does no damage.
The starcursed mass engulfs you but does no damage.
The vampire points at you and mumbles some strange words.
You resist with almost no effort. You block the Executioner's attack.
The Executioner barely misses you.
The Executioner hits you but does no damage.
A deafening chorus of shrieks assaults your mind!
* * * LOW HITPOINT WARNING * * *
A starcursed mass splits.
The Executioner hits you!
* * * LOW HITPOINT WARNING * * *
You block the Executioner's attack. The Executioner completely misses you.
You block the vampire's attack.
The vampire bites you but does no damage.
The Executioner gestures at you. You resist with significant effort.
The Executioner hits you!
You die...
Xom thinks this is hilarious!

....#. .#### #
#.. #.. #.#X..
. ##_..# .#.#
#.#
....###...#..#
. #.#.##X..#
.# # .
##.###.#..#. .
.5
#..XXXX#######
#1.VX#X###
#@(###..##
##.#.##(####
...#........#
.####...###.#
.....###.# #.
..##.##.. .
.###.#...#. .
.#.## .. .


You could see 6 starcursed masses, an Executioner, a large abomination and a
vampire (invisible).

Vanquished Creatures
  A sphinx (D:15)
  A lich (Abyss:1)
  4 tentacled starspawn (Abyss:1)
  A fire giant (D:15)
  A frost giant (D:15)
  Gastronok (D:11)
  2 rakshasas (Abyss:1)
  An ettin (D:15)
  A fire dragon (D:15)
  A vault guard (D:15)
  A yaktaur captain (D:13)
  2 great orbs of eyes (D:15)
  7 hydras
  Erica (Lair:1)
  The ghost of Chiseanne the Covered, an experienced CeAE of Vehumet (D:6)
  2 tengu warriors (D:15)
  2 orc high priests
  3 centaur warriors
  Nergalle (Abyss:1)
  A hell hog (Abyss:1)
  2 wretched stars (Abyss:1)
  2 unseen horrors (D:15)
  A swamp dragon (Swamp:1)
  4 large abominations (Abyss:1)
  2 hill giants
  Erolcha (D:12)
  A manticore (D:14)
  A cyclops (D:14)
  A hellion (Abyss:1)
  4 orc sorcerers
  3 griffons
  2 orc knights (D:15)
  A wizard (D:14)
  A lindwurm (shapeshifter) (Abyss:1)
  An iron dragon skeleton (Abyss:1)
  5 elephants
  An orange demon (Abyss:1)
  2 black mambas
  3 smoke demons (Abyss:1)
  4 gargoyles
  2 apocalypse crabs (Abyss:1)
  13 spiny frogs
  A guardian serpent (Abyss:1)
  2 kobold demonologists (D:14)
  3 efreet
  2 ancient zymes (Abyss:1)
  7 yaktaurs
  2 hellwings (Abyss:1)
  A demonic crawler (Abyss:1)
  2 fire drakes
  2 hydra zombies
  3 tengu conjurers
  A deep elf priest (Abyss:1)
  A queen bee (Lair:2)
  4 trolls
  3 boggarts (D:15)
  4 komodo dragons
  A giant firefly (D:15)
  2 giant leeches (Swamp:1)
  Sonja (D:11)
  5 two-headed ogres
  A bog body (Swamp:1)
  19 slime creatures
  26 blink frogs
  A brown ooze (shapeshifter) (Abyss:1)
  6 ravens
  4 raiju (Abyss:1)
  6 basilisks
  A grizzly bear (Lair:3)
  A wyvern (D:14)
  15 starcursed masses (Abyss:1)
  12 ugly things
  A water elemental (D:11)
  2 deep elf magi
  A wraith (D:10)
  6 sharks (Lair:8)
  7 hippogriffs
  A chaos spawn (Abyss:1)
  Eustachio (Orc:1)
  38 yaks
  A neqoxec (Abyss:1)
  A human (D:7)
  10 wolves
  2 hungry ghosts
  A golden eye (shapeshifter) (D:13)
  17 vampire mosquitoes
  2 swamp worms
  9 nagas
  A warg (Orc:1)
  A mottled dragon (D:15)
  A necrophage (D:9)
  A hydra simulacrum (Abyss:1)
  A tengu zombie (D:15)
  5 small abominations (Abyss:1)
  10 porcupines
  10 water moccasins
  3 phantoms
  A black bear (D:11)
  4 giant goldfish
  10 ogres
  7 spiders (D:14)
  25 orc warriors
  6 sky beasts
  5 ice beasts
  11 centaurs
  7 crocodiles
  A yellow wasp (D:11)
  2 brain worms
  2 big kobolds
  5 giant slugs
  A yaktaur zombie (D:15)
  A cyclops zombie (D:14)
  33 giant frogs
  A yak zombie (D:9)
  3 scorpions
  22 killer bees
  6 insubstantial wisps (Swamp:1)
  11 wights
  A hippogriff skeleton (D:14)
  2 electric eels (Lair:6)
  17 hounds
  2 goliath beetles
  A giant frog zombie (D:11)
  A two-headed ogre zombie (D:13)
  4 crimson imps
  5 jellies
  5 quasits
  A big fish (Swamp:1)
  16 iguanas
  36 orc priests
  41 orc wizards
  A centaur skeleton (D:6)
  7 worker ants
  A giant frog skeleton (D:6)
  Natasha (thrice) (D:6)
  17 sheep
  Jessica (D:3)
  A big kobold zombie (Ossuary)
  A mottled dragon skeleton (D:12)
  10 mummies
  Terence (Abyss:1)
  A worker ant zombie (D:5)
  33 adders
  24 green rats
  A white imp (Abyss:1)
  5 gnolls
  2 orc skeletons
  4 shadow imps
  3 giant mites
  3 worms
  An ufetubus (Orc:3)
  An adder skeleton (D:9)
  A giant eyeball (D:4)
  An ooze (D:3)
  172 orcs
  3 giant cockroaches
  12 hobgoblins
  23 jackals
  22 kobolds
  3 ball pythons
  24 bats
  8 giant geckos
  A giant gecko skeleton (D:4)
  8 giant newts
  A giant spore (D:10)
  A gnoll zombie (Ossuary)
  23 goblins
  2 goblin zombies (D:8)
  2 hobgoblin zombies (Ossuary)
  3 kobold zombies (Ossuary)
  An orc zombie (Ossuary)
  14 quokkas
  22 rats
  A rat skeleton (D:6)
  A spectral orc (D:11)
  A ballistomycete (D:10)
  4 fungi
  3 plants
  5 starspawn tentacles (Abyss:1)
1143 creatures vanquished.

Vanquished Creatures (collateral kills)
  A hydra (Lair:8)
  A centaur warrior (D:15)
  A necromancer (D:15)
  An orc knight (Bailey)
  An orange demon (D:14)
  An eye of devastation (Bailey)
  3 yaktaurs (D:15)
  A freezing wraith (D:15)
  A blue devil (Lair:8)
  A slime creature (D:14)
  2 blink frogs (Lair:3)
  2 ravens (D:15)
  A shark (Lair:8)
  A raiju (Abyss:1)
  A basilisk (D:15)
  2 ugly things
  5 yaks
  A vampire mosquito (D:12)
  An ogre (D:6)
  A centaur (D:11)
  A vampire mosquito zombie (D:12)
  A giant slug (Lair:7)
  A killer bee (Lair:2)
  An orc priest (Orc:4)
  A manticore simulacrum (D:15)
  A basilisk zombie (D:15)
  A big fish (Lair:8)
  A shadow imp (D:15)
  2 orcs
  A rat (D:6)
  A plant (Lair:8)
41 creatures vanquished.

Vanquished Creatures (others)
  A stone giant (D:15)
  A yaktaur captain (D:15)
  2 vault guards (D:15)
  A great orb of eyes (D:15)
  A hydra (D:15)
  An ogre mage (D:15)
  An unseen horror (D:14)
  An ice devil (Orc:4)
  A necromancer (Swamp:1)
  2 hill giants
  An orc knight (D:15)
  An orc sorcerer (Orc:4)
  A griffon (D:15)
  3 elephants
  2 spiny frogs (Lair:8)
  A black mamba (Lair:5)
  3 fire drakes
  An efreet (D:15)
  2 trolls (D:13)
  A komodo dragon (Lair:7)
  A red devil (Abyss:1)
  2 boggarts (D:15)
  A two-headed ogre (Orc:3)
  2 slime creatures
  A giant leech (Lair:8)
  4 ball lightnings
  A raven (Swamp:2)
  An alligator zombie (Swamp:1)
  A spriggan (D:15)
  A wraith (D:15)
  An elephant slug (Lair:8)
  7 yaks
  A hill giant zombie (D:10)
  3 wolves (Lair:2)
  A warg (D:9)
  An ugly thing (D:11)
  A hungry ghost (D:15)
  3 swamp worms (Swamp:1)
  2 water moccasins
  2 soldier ants
  An ice beast (D:6)
  8 orc warriors
  A phantom (D:4)
  2 porcupines
  A starcursed mass (Abyss:1)
  A giant goldfish (Lair:8)
  A black bear (D:11)
  3 centaurs
  A giant frog (D:8)
  A crocodile (Lair:8)
  2 giant slugs (Lair:2)
  2 killer bees (Lair:2)
  A quasit (Lair:7)
  3 crimson imps
  3 goliath beetles
  4 orc wizards
  2 orc priests
  3 hounds
  2 iguanas
  6 iron imps
  4 sheep
  A mummy (Ossuary)
  A green rat (Lair:6)
  2 adders (D:3)
  A gnoll (D:2)
  4 shadow imps
  7 white imps
  2 worms
  6 ufetubi
  A giant gecko (D:3)
  7 orcs
  A hobgoblin (D:2)
  2 jackals
  3 rats
  18 fungi
  7 plants
  13 starspawn tentacles (Abyss:1)
  130 starspawn tentacle segments (Abyss:1)
323 creatures vanquished.

Grand Total: 1507 creatures vanquished

Notes
Turn   | Place    | Note
--------------------------------------------------------------
     0 | D:1      | mrath, the Minotaur Chaos Knight, began the quest for the Orb.
     0 | D:1      | Reached XP level 1. HP: 19/19 MP: 1/1
    99 | D:1      | XOM: divination: detect items
   131 | D:1      | Reached skill level 4 in Axes
   136 | D:1      | Reached XP level 2. HP: 24/26 MP: 1/1
   923 | D:2      | Noticed Terence
   930 | D:2      | XOM: potion effect (brilliance)
   959 | D:2      | Banished Terence
   959 | D:2      | Reached XP level 3. HP: 33/33 MP: 2/2
  1397 | D:2      | XOM: harmless Chrm miscast
  1553 | D:2      | Reached XP level 4. HP: 24/40 MP: 2/2
  1609 | D:2      | XOM: mild Tloc miscast
  1928 | D:2      | Reached skill level 5 in Axes
  2043 | D:2      | XOM: cast spell 'Beastly Appendage'
  2050 | D:3      | Noticed Jessica
  2054 | D:3      | Killed Jessica
  2054 | D:3      | Reached skill level 1 in Short Blades
  2113 | D:3      | XOM: divination: detect items
  2116 | D:3      | Reached XP level 5. HP: 35/46 MP: 2/2
  2415 | D:3      | XOM: vitrification
  2513 | D:3      | XOM: inner flame monster(s)
  2660 | D:3      | Noticed Sigmund
  2663 | D:3      | XOM: summons friendly crimson imp
  3228 | D:4      | Noticed an ogre
  3237 | D:4      | Killed an ogre
  3237 | D:4      | Reached XP level 6. HP: 52/52 MP: 3/3
  3240 | D:4      | XOM: god gift: sharpened ivory wand {god gift}
  3358 | D:4      | Reached skill level 5 in Short Blades
  3552 | D:4      | Noticed a phantom
  3559 | D:4      | XOM: potion effect (heal wounds)
  3565 | D:4      | XOM: potion effect (agility)
  3593 | D:4      | Banished a phantom
  3636 | D:4      | Found a staircase to the Ecumenical Temple.
  3647 | Temple   | Entered the Ecumenical Temple
  3718 | D:4      | Reached skill level 6 in Short Blades
  3829 | D:4      | XOM: silly message
  3930 | D:4      | Reached XP level 7. HP: 59/59 MP: 3/3
  3994 | D:4      | XOM: potion effect (brilliance)
  4056 | D:5      | Entered Level 5 of the Dungeon
  4585 | D:5      | XOM: divination: detect creatures
  4651 | D:5      | XOM is BORED!
  4651 | D:5      | XOM: harmless Ice miscast
  4784 | D:5      | XOM: harmless Chrm miscast
  4825 | D:5      | XOM: harmless Tloc miscast
  4881 | D:5      | XOM: divination: detect creatures
  5142 | D:6      | XOM: potion effect (haste)
  5144 | D:6      | Reached skill level 1 in Evocations
  5162 | D:5      | Reached skill level 5 in Fighting
  5353 | D:6      | XOM: confuse monster(s)
  5354 | D:6      | XOM: enchant monster (good)
  5365 | D:6      | Reached skill level 7 in Short Blades
  5365 | D:6      | Reached XP level 8. HP: 49/68 MP: 5/5
  5368 | D:6      | XOM: silly message
  5418 | D:6      | XOM: potion effect (curing)
  5504 | D:6      | Noticed Chiseanne's ghost (experienced CeAE)
  5508 | D:6      | XOM: enchant monster (bad)
  5543 | D:6      | Noticed Natasha
  5565 | D:6      | XOM: cast spell 'Confusing Touch'
  5570 | D:6      | XOM: confuse monster(s)
  5728 | D:6      | Killed Natasha
  5804 | D:6      | XOM: give mutations
  5804 | D:6      | Gained mutation: You are partially covered in thin metallic scales (AC +2). [Xom's grace]
  5804 | D:6      | Gained mutation: Your mind is acute. (Int +2) [Xom's grace]
  6022 | D:6      | Noticed Natasha
  6030 | D:6      | Killed Natasha
  6030 | D:6      | Reached skill level 5 in Armour
  6076 | D:6      | Noticed Natasha
  6090 | D:6      | XOM: divine lightning (protected)
  6100 | D:6      | Killed Natasha
  6110 | D:6      | Found an iron altar of Okawaru.
  6112 | D:6      | Found a shadowy altar of Dithmenos.
  6113 | D:6      | Found a glowing silver altar of Zin.
  6254 | D:6      | XOM: summons friendly crimson imp
  6285 | D:6      | XOM: vitrification
  6308 | D:6      | XOM: summons friendly ufetubus
  6329 | D:6      | XOM: polymorph ufetubus -> ufetubus
  6337 | D:6      | XOM: noise
  6338 | D:6      | Killed Chiseanne's ghost
  6338 | D:6      | Reached XP level 9. HP: 40/78 MP: 7/9
  6566 | D:6      | Reached skill level 5 in Dodging
  6895 | D:6      | XOM: cast spell 'Spider Form'
  7037 | D:6      | XOM: harmless Divn miscast
  7443 | D:7      | XOM: noise
  7454 | D:7      | Reached skill level 8 in Short Blades
  7455 | D:7      | XOM: polymorph jackal -> kobold
  7515 | D:7      | XOM: harmless Fire miscast
  7551 | D:7      | XOM: colour smoke trail
  7569 | D:7      | XOM: confusion (+ monsters)
  7785 | D:7      | XOM: medium Trmt miscast
  7850 | D:7      | XOM: mild Erth miscast
  7920 | D:7      | XOM: polymorph orc -> ball python
  7924 | D:7      | XOM: repel stairs
  8024 | D:7      | XOM: medium Pois miscast
  8100 | D:6      | XOM: colour smoke trail
  8149 | D:6      | XOM: cast spell 'Necromutation'
  8311 | D:7      | XOM: blink monster(s)
  8614 | D:7      | XOM is BORED!
  8614 | D:7      | XOM: noise
  8823 | D:8      | Found a sand-covered staircase.
  8830 | Ossuary  | Entered an ossuary
  8920 | Ossuary  | XOM: divination: detect creatures
  8937 | Ossuary  | XOM: medium Ice miscast
  9103 | Ossuary  | XOM: mild Chrm miscast
  9736 | D:8      | XOM: colour smoke trail
 10000 | D:8      | Reached skill level 5 in Evocations
 10042 | D:8      | XOM: colour smoke trail
 10057 | D:8      | XOM: cast spell 'Statue Form'
 10183 | D:9      | XOM: harmless Necr miscast
 10190 | D:9      | Reached XP level 10. HP: 82/88 MP: 2/12
 10217 | D:9      | XOM: colour smoke trail
 10321 | D:9      | XOM: summons friendly quasit
 10365 | D:9      | XOM: polymorph quasit -> iron imp
 10371 | D:9      | Found Jilown Klij's Armour Shoppe.
 10392 | D:9      | XOM: enchant monster (good)
 10437 | D:9      | Reached skill level 9 in Short Blades
 10517 | D:9      | Bought a +1 buckler of reflection for 135 gold pieces
 10695 | D:9      | XOM: mild Necr miscast
 10750 | D:9      | Found a staircase to the Orcish Mines.
 10965 | D:9      | Found a staircase to the Lair.
 11075 | D:9      | XOM: mild Erth miscast
 11350 | D:9      | XOM: mild Divn miscast
 11570 | D:9      | XOM: silly message
 11689 | D:9      | XOM: silly message
 11751 | Lair:1   | Entered Level 1 of the Lair of Beasts
 11854 | Lair:1   | XOM: noise
 11880 | Lair:1   | XOM: give mutations
 11880 | Lair:1   | Gained mutation: You have a pair of large horns on your head. [Xom's mischief]
 11880 | Lair:1   | Gained mutation: You can breathe flames. [Xom's mischief]
 11880 | Lair:1   | Lost mutation: You are partially covered in thin metallic scales (AC +2). [Xom's mischief]
 11980 | Lair:1   | XOM: harmless Conj miscast
 11997 | Lair:1   | Noticed a black mamba
 11999 | Lair:1   | XOM: confusion
 12170 | Lair:1   | XOM: noise
 12173 | Lair:1   | XOM: confusion (+ monsters)
 12205 | Lair:1   | XOM: divination: detect creatures
 12268 | Lair:1   | Killed a black mamba
 12283 | Lair:1   | XOM: give mutations
 12283 | Lair:1   | Gained mutation: You are resistant to hostile enchantments. [Xom's grace]
 12283 | Lair:1   | Gained mutation: Your muscles are strong. (Str +2) [Xom's grace]
 12283 | Lair:1   | Gained mutation: Your mind is very acute. (Int +4) [Xom's grace]
 12311 | Lair:1   | XOM: vitrification
 12420 | Lair:1   | Noticed Erica
 12430 | Lair:1   | Killed Erica
 12844 | Lair:1   | XOM: divination: detect items
 12847 | Lair:1   | XOM: potion effect (invisibility)
 12958 | Lair:1   | Reached XP level 11. HP: 86/97 MP: 15/15
 13045 | Lair:1   | XOM: summons 1 hostile demon
 13050 | Lair:1   | Reached skill level 10 in Short Blades
 13094 | Lair:1   | XOM: god gift: scroll of teleportation
 13404 | Lair:1   | XOM: confuse monster(s)
 13422 | Lair:1   | XOM: confusion (+ monsters)
 13629 | D:9      | XOM: potion effect (invisibility)
 13644 | D:9      | XOM: inner flame monster(s)
 13678 | D:9      | Bought a +3 scale mail of magic resistance for 260 gold pieces
 14027 | Lair:2   | XOM: summons 8 friendly demons
 14067 | Lair:2   | XOM: enchant monster (bad)
 14327 | Lair:2   | XOM: silly message
 14332 | Lair:2   | XOM: confuse monster(s)
 14446 | Lair:2   | Reached skill level 10 in Fighting
 14475 | Lair:2   | XOM: divination: detect items
 14673 | Lair:2   | XOM: enchant monster (good)
 14783 | Lair:2   | XOM: give mutation
 14783 | Lair:2   | Gained mutation: You can spit poison. [Xom's grace]
 14837 | Lair:2   | XOM: harmless Conj miscast
 14906 | Lair:2   | XOM: divination: detect creatures
 15147 | Lair:2   | XOM: god gift: plate armour {god gift}
 15246 | Lair:2   | XOM: god gift: brightly glowing ring mail {god gift}
 15247 | Lair:2   | Got a brightly glowing ring mail {god gift}
 15260 | Lair:2   | Identified the -9 ring mail "Wumn" {Str+4 Dex+2 Curse} (Xom gifted it to you on level 2 of the Lair of Beasts)
 15361 | Lair:2   | XOM: enchant monster (good)
 15374 | Lair:2   | XOM: god gift: scroll of enchant weapon II
 15396 | Lair:2   | XOM: confuse monster(s)
 15605 | Lair:2   | XOM: colour smoke trail
 15782 | Lair:3   | Found a labyrinth entrance.
 15790 | Lab      | Entered a labyrinth
 16014 | Lab      | Noticed a minotaur
 16017 | Lab      | Got a faintly glowing brass ring
 16018 | Lab      | Got a distressingly furry chain mail
 16076 | Lair:3   | Identified the +6 chain mail "Isoas" {rElec Int+3} (You found it in a labyrinth)
 16140 | Lair:3   | XOM: inner flame monster(s)
 16159 | Lair:3   | Reached skill level 10 in Armour
 16274 | Lair:3   | XOM: harmless Conj miscast
 16319 | Lair:3   | XOM: summons friendly ufetubus
 16581 | Lair:3   | Noticed a seven-headed hydra
 16959 | Lair:3   | XOM: god gift: scroll labeled ILULOL OPRI
 17099 | Lair:3   | Killed a seven-headed hydra
 17099 | Lair:3   | Reached skill level 11 in Fighting
 17132 | Lair:3   | XOM: confuse monster(s)
 17204 | Lair:3   | XOM: swap monsters
 17205 | Lair:3   | Reached XP level 12. HP: 110/110 MP: 19/19
 17208 | Lair:3   | XOM: summons friendly quasit
 17215 | Lair:3   | XOM: divination: detect creatures
 17217 | Lair:3   | XOM: god gift: 8 javelins of penetration
 17517 | Lair:3   | XOM: divination: detect creatures
 17917 | Lair:3   | XOM: summons 5 friendly demons
 17928 | Lair:3   | XOM: summons 7 friendly demons
 17940 | Lair:3   | Reached skill level 1 in Shields
 18152 | Lair:3   | XOM: god gift: curved glass wand {god gift}
 18372 | Lair:3   | XOM: divination: detect creatures
 18588 | Lair:4   | XOM is BORED!
 18588 | Lair:4   | XOM: mild Pois miscast
 18774 | Lair:4   | XOM: divination: detect items
 18810 | Lair:4   | XOM: god gift: ring of evasion {god gift}
 18822 | Lair:4   | XOM: mild Chrm miscast
 18969 | Lair:4   | XOM: mild Pois miscast
 19307 | Lair:4   | Noticed Rupert
 19347 | Lair:4   | Paralysed by Rupert for 2 turns
 19468 | Lair:3   | XOM: divination: detect creatures
 19605 | Lair:4   | XOM: mild Divn miscast
 19640 | Lair:4   | Banished Rupert
 19674 | Lair:4   | XOM: give mutations
 19674 | Lair:4   | Gained mutation: Your magical capacity is low (-10% MP). [Xom's mischief]
 19674 | Lair:4   | Lost mutation: Your mind is very acute. (Int +4) [Xom's mischief]
 20267 | Lair:5   | XOM: give mutations
 20267 | Lair:5   | Lost mutation: Your magical capacity is low (-10% MP). [Xom's mischief]
 20267 | Lair:5   | Gained mutation: You evolve. [Xom's mischief]
 20267 | Lair:5   | Lost mutation: You can spit poison. [Xom's mischief]
 20267 | Lair:5   | Lost mutation: You are resistant to hostile enchantments. [Xom's mischief]
 20382 | Lair:5   | XOM: god gift: long sword {god gift}
 20774 | Lair:5   | XOM: god gift: 34 gold pieces
 20814 | Lair:5   | XOM: mild Ice miscast
 21149 | Lair:5   | XOM is BORED!
 21149 | Lair:5   | XOM: medium Ice miscast
 21151 | Lair:5   | XOM: divination: detect items
 21394 | Lair:5   | XOM: divination: detect items
 21583 | Lair:4   | XOM: mild Erth miscast
 21658 | Lair:5   | XOM: summons 7 friendly demons
 21674 | Lair:5   | XOM: 6-stop teleportation journey
 21736 | Lair:5   | Found a staircase to the Snake Pit.
 21962 | Lair:5   | XOM: mild Tloc miscast
 22273 | Lair:5   | XOM: mild Tloc miscast
 22311 | Lair:6   | XOM: medium Conj miscast
 22330 | Lair:5   | XOM: summons friendly shadow imp
 22684 | Lair:6   | Found a staircase to the Swamp.
 22696 | Lair:6   | Got a distressingly furry chain mail
 22785 | Lair:6   | Reached skill level 10 in Dodging
 22848 | Lair:5   | Identified the +0 chain mail of the Undertaker {+Blink} (You found it on level 6 of the Lair of Beasts)
 22938 | Lair:6   | XOM: summons friendly crimson imp
 22962 | Lair:6   | Reached skill level 12 in Fighting
 23163 | Lair:6   | XOM: enchant monster (good)
 23289 | Lair:6   | XOM: enchant monster (good)
 23351 | Lair:6   | XOM: divination: detect creatures
 23682 | Lair:7   | XOM: harmless Fire miscast
 23888 | Lair:7   | XOM: enchant monster (good)
 23896 | Lair:7   | XOM: summons friendly chaos spawn
 23985 | Lair:7   | Noticed an eight-headed hydra
 24082 | Lair:7   | XOM: mild Trmt miscast
 24087 | Lair:7   | Reached skill level 5 in Shields
 24139 | Lair:7   | XOM: colour smoke trail
 24207 | Lair:7   | XOM: silly message
 24225 | Lair:7   | Reached XP level 13. HP: 118/118 MP: 21/21
 24231 | Lair:7   | XOM: blink monster(s)
 24237 | Lair:7   | XOM: noise
 24277 | Lair:7   | Reached skill level 1 in Throwing
 24355 | Lair:7   | XOM: colour smoke trail
 24604 | Lair:2   | XOM: noise
 24757 | Lair:7   | XOM: inner flame monster(s)
 24922 | Lair:7   | Noticed a seven-headed hydra
 25044 | Lair:7   | Killed an eight-headed hydra
 25055 | Lair:7   | XOM: polymorph plant -> oklob plant
 25064 | Lair:7   | XOM: summons 3 friendly demons
 25234 | Lair:8   | Entered Level 8 of the Lair of Beasts
 25391 | Lair:8   | XOM: harmless Tloc miscast
 25580 | Lair:7   | Killed a seven-headed hydra
 25649 | Lair:8   | XOM: potion effect (haste)
 25681 | Lair:8   | Got a jewelled halberd
 25773 | Lair:8   | XOM: cast spell 'Confusing Touch'
 25908 | Lair:8   | XOM: noise
 25909 | Lair:8   | XOM: silly message
 25925 | Lair:8   | XOM: divination: magic mapping
 25933 | Lair:8   | XOM: noise
 26136 | Lair:8   | XOM: summons friendly crimson imp
 26250 | Lair:8   | XOM: god gift: 8 poisoned darts
 26263 | Lair:8   | XOM: blink monster(s)
 26264 | Lair:8   | XOM: harmless Divn miscast
 26272 | Lair:8   | XOM: mild Tloc miscast
 26534 | Lair:7   | XOM: vitrification
 26744 | Lair:8   | XOM is BORED!
 26744 | Lair:8   | XOM: give mutations
 26744 | Lair:8   | Gained mutation: Your vision is a little blurry. [Xom's mischief]
 26744 | Lair:8   | Lost mutation: Your vision is a little blurry. [Xom's mischief]
 26744 | Lair:8   | Gained mutation: You are partially covered in yellow scales (AC +2). [Xom's mischief]
 26744 | Lair:8   | Gained mutation: Your vision is a little blurry. [Xom's mischief]
 26804 | Lair:8   | XOM: give mutations
 26804 | Lair:8   | Gained mutation: Your muscles are very strong. (Str +4) [Xom's grace]
 26804 | Lair:8   | Gained mutation: Your digestive system is specialised to digest meat. [Xom's grace]
 26804 | Lair:8   | Gained mutation: You can spit poison. [Xom's grace]
 26804 | Lair:8   | Gained mutation: You are mostly covered in yellow scales (AC +3). [Xom's grace]
 26892 | Lair:8   | XOM: divination: detect items
 26999 | Lair:8   | XOM: give mutations
 26999 | Lair:8   | Gained mutation: You have a slow metabolism. [Xom's grace]
 26999 | Lair:8   | Gained mutation: Your flesh is cold resistant. [Xom's grace]
 26999 | Lair:8   | Lost mutation: You have a slow metabolism. [Xom's grace]
 26999 | Lair:8   | Gained mutation: Your natural rate of healing is unusually fast. [Xom's grace]
 26999 | Lair:8   | Gained mutation: Your system is resistant to poisons. [Xom's grace]
 27108 | Lair:8   | XOM: summons friendly blue devil
 27157 | Lair:8   | XOM: inner flame monster(s)
 27286 | Lair:8   | XOM: confuse monster(s)
 27390 | Lair:8   | XOM: swap monsters
 27463 | Lair:8   | XOM: swap monsters
 27627 | Lair:8   | XOM: give mutations
 27627 | Lair:8   | Gained mutation: You have sharp toenails. [Xom's grace]
 27627 | Lair:8   | Gained mutation: You are covered in fur (AC +1). [Xom's grace]
 27627 | Lair:8   | Gained mutation: Your spells are a little harder to cast, but a little more powerful. [Xom's grace]
 27627 | Lair:8   | Gained mutation: You are completely covered in yellow scales (AC +4, rCorr). [Xom's grace]
 27748 | Lair:8   | XOM: medium Ice miscast
 27898 | Lair:8   | XOM: severe Fire miscast
 27991 | Lair:8   | Found a viscous altar of Jiyva.
 27991 | Lair:8   | Found a staircase to the Slime Pits.
 28062 | Lair:8   | XOM: harmless Pois miscast
 28069 | Lair:8   | XOM: mild Tloc miscast
 28413 | Orc:1    | Entered Level 1 of the Orcish Mines
 28417 | Orc:1    | Noticed Eustachio
 28426 | Orc:1    | Killed Eustachio
 28504 | Orc:1    | Found a roughly hewn altar of Beogh.
 28647 | Orc:2    | XOM: polymorph orc -> hobgoblin
 29069 | Orc:2    | Found a deep blue altar of Sif Muna.
 29305 | Orc:3    | Found a staircase to the Elven Halls.
 29414 | Orc:2    | XOM: summons 6 hostile demons
 29624 | Orc:1    | XOM: mild Fire miscast
 29771 | Orc:2    | XOM: blink monster(s)
 29793 | Orc:1    | XOM: summons 5 hostile shadow creatures
 29832 | Orc:1    | XOM: mild Necr miscast
 30184 | Orc:2    | XOM: god gift: 52 gold pieces
 30244 | Orc:3    | XOM: god gift: emulsified cyan potion
 30564 | Orc:3    | Found Psanaocw's Food Shop.
 30573 | Orc:3    | XOM: god gift: dented steel amulet {god gift}
 30574 | Orc:3    | XOM: potion effect (curing)
 30579 | Orc:3    | XOM: god gift: choko
 30600 | Orc:3    | XOM: inner flame monster(s)
 30885 | Orc:4    | Entered Level 4 of the Orcish Mines
 31270 | Orc:4    | XOM: 2-stop teleportation journey
 31375 | Orc:4    | Found a roughly hewn altar of Beogh.
 31432 | Orc:4    | Reached XP level 14. HP: 122/127 MP: 23/23
 31578 | Orc:4    | Reached skill level 10 in Evocations
 31615 | Orc:4    | XOM: vitrification
 31959 | Orc:4    | Reached skill level 13 in Fighting
 32252 | Orc:4    | Found Athraang's Assorted Antiques.
 32259 | Orc:4    | Found Inisadgh's Armour Emporium.
 32260 | Orc:4    | Found Blial's General Store.
 32262 | Orc:4    | Found Skiahoar's Armour Emporium.
 32300 | Orc:4    | Paralysed by an orc sorcerer for 3 turns
 32311 | Orc:4    | XOM: enchant monster (good)
 32407 | Orc:4    | XOM: give mutations
 32407 | Orc:4    | Lost mutation: You evolve. [Xom's grace]
 32407 | Orc:4    | Gained mutation: You are somewhat resistant to further mutation. [Xom's grace]
 32407 | Orc:4    | Gained mutation: Your spells are harder to cast, but more powerful. [Xom's grace]
 32407 | Orc:4    | Gained mutation: You can spit moderately strong poison. [Xom's grace]
 32407 | Orc:4    | Gained mutation: You are somewhat resistant to both further mutation and mutation removal. [Xom's grace]
 32495 | Orc:4    | XOM: 9-stop teleportation journey
 32504 | Orc:4    | Bought a +1 plate armour of magic resistance for 455 gold pieces
 32548 | Orc:4    | Bought a scroll of identify for 62 gold pieces
 32550 | Orc:4    | XOM: divination: detect items
 32612 | Orc:4    | Bought a pair of boots for 139 gold pieces
 32700 | Orc:2    | XOM: harmless Chrm miscast
 32731 | Orc:2    | XOM: silly message
 32953 | D:10     | Entered Level 10 of the Dungeon
 33224 | D:10     | XOM: harmless Ice miscast
 33304 | D:10     | XOM: colour smoke trail
 33373 | D:10     | Found a basalt altar of Yredelemnul.
 33398 | D:10     | XOM: harmless Erth miscast
 33558 | D:10     | XOM: divination: magic mapping
 34172 | D:11     | Got a bone flail
 34224 | D:11     | Noticed Sonja
 34224 | D:11     | XOM: divination: magic mapping
 34235 | D:11     | Killed Sonja
 34364 | Lair:2   | XOM: cast spell 'Statue Form'
 34641 | D:11     | Noticed Nergalle
 34648 | D:11     | XOM: harmless Pois miscast
 34710 | D:11     | XOM: give mutations
 34710 | D:11     | Gained mutation: Your spells are much harder to cast, but much more powerful. [Xom's grace]
 34710 | D:11     | Gained mutation: You are agile. (Dex +2) [Xom's grace]
 34823 | D:11     | XOM: summons friendly orange demon
 34956 | D:11     | XOM: god gift: white potion
 35012 | D:11     | XOM: enchant monster (good)
 35019 | D:11     | XOM: give mutation
 35019 | D:11     | Lost mutation: Your natural rate of healing is unusually fast. [Xom's mischief]
 35027 | D:11     | XOM: potion effect (heal wounds)
 35045 | D:11     | XOM: 1-stop teleportation journey
 35153 | D:11     | XOM: noise
 35183 | D:11     | XOM: confuse monster(s)
 35332 | D:11     | XOM: colour smoke trail
 35358 | D:11     | Banished Nergalle
 35540 | D:11     | XOM: god gift: short smoking staff {god gift}
 35752 | D:11     | Noticed Gastronok
 35752 | D:11     | XOM: enchant monster (good)
 35753 | D:11     | XOM: cast spell 'Conjure Ball Lightning'
 35775 | D:11     | XOM: mild Fire miscast
 35806 | D:12     | Found Chuxas' Gadget Shop.
 35825 | D:12     | XOM: blink monster(s)
 35836 | D:12     | XOM: give mutations
 35836 | D:12     | Lost mutation: Your spells are much harder to cast, but much more powerful. [Xom's mischief]
 35836 | D:12     | Lost mutation: Your spells are harder to cast, but more powerful. [Xom's mischief]
 35927 | D:12     | XOM: harmless Divn miscast
 35955 | D:12     | XOM: summons 7 friendly demons
 36001 | D:12     | XOM: blink monster(s)
 36151 | D:12     | Found a flagged portal.
 36187 | Bailey   | Entered a bailey
 36190 | Bailey   | XOM: harmless Fire miscast
 36557 | Bailey   | XOM: harmless Necr miscast
 36620 | Bailey   | XOM: polymorph orc knight -> eye of devastation
 36966 | D:12     | XOM: harmless Summ miscast
 36973 | D:12     | Noticed Erolcha
 36974 | D:12     | Found Mugrug's Armour Boutique.
 36990 | D:12     | XOM: summons friendly ufetubus
 36999 | D:11     | Reached skill level 5 in Throwing
 37121 | D:12     | Found Wiosoj's Magic Scroll Shop.
 37129 | D:12     | Bought a scroll of identify for 26 gold pieces
 37129 | D:12     | Bought a scroll of enchant weapon II for 71 gold pieces
 37137 | D:12     | XOM: enchant monster (bad)
 37160 | D:12     | Killed Erolcha
 37183 | D:12     | XOM: mild Trmt miscast
 37195 | D:12     | Bought a +0 pair of boots of flying for 126 gold pieces
 37234 | D:12     | XOM: enchant monster (bad)
 37242 | D:12     | XOM: mild Pois miscast
 37407 | D:12     | Found Iheg Tie's Magic Scroll Shoppe.
 37415 | D:12     | Bought 2 scrolls of enchant armour for 240 gold pieces
 37415 | D:12     | Bought a scroll of identify for 32 gold pieces
 37415 | D:12     | Bought a scroll of identify for 32 gold pieces
 37415 | D:12     | Bought a scroll of identify for 32 gold pieces
 37415 | D:12     | Bought a scroll of enchant armour for 120 gold pieces
 37596 | Lair:2   | XOM: harmless Conj miscast
 38006 | D:13     | XOM: confuse monster(s)
 38127 | D:13     | XOM: silly message
 38266 | D:13     | XOM: god gift: bow {god gift}
 38295 | D:13     | XOM: divination: detect items
 38304 | D:13     | XOM: confuse monster(s)
 38319 | D:13     | XOM: summons friendly ufetubus
 38320 | D:13     | XOM: 5-stop teleportation journey
 38324 | D:13     | XOM: potion effect (curing)
 38329 | D:13     | XOM: silly message
 38333 | D:13     | Found a gate to the Vaults.
 38439 | D:13     | XOM: potion effect (agility)
 38957 | D:14     | XOM: scenery: 3 doors open, 1 doors close
 38957 | D:14     | Noticed Frances
 38961 | D:14     | XOM: mild Trmt miscast
 39057 | D:13     | XOM: harmless Summ miscast
 39449 | D:14     | XOM: silly message
 39589 | D:14     | XOM: potion effect (invisibility)
 39592 | D:14     | XOM: cast spell 'Stoneskin'
 39668 | D:14     | XOM: harmless Hex miscast
 39779 | D:14     | XOM: divination: detect items
 39809 | D:14     | XOM: potion effect (agility)
 39924 | D:14     | XOM: noise
 40001 | D:14     | XOM: torment (66/130 hp)
 40008 | D:14     | XOM: torment (22/130 hp)
 40009 | D:14     | XOM: blink monster(s)
 40019 | D:14     | XOM: summons 6 friendly demons
 40063 | D:13     | XOM: mild Necr miscast
 40114 | D:13     | XOM: divination: detect creatures
 40257 | D:13     | XOM: god gift: shiny scale mail {god gift}
 40279 | D:13     | XOM: 7-stop teleportation journey
 40423 | D:12     | XOM: divination: detect creatures
 40709 | D:11     | XOM: harmless Conj miscast
 41134 | D:14     | Reached XP level 15. HP: 137/137 MP: 25/25
 41210 | D:14     | XOM: harmless Summ miscast
 41310 | D:15     | Entered Level 15 of the Dungeon
 41329 | D:15     | XOM: polymorph great orb of eyes -> griffon
 41335 | D:15     | XOM: silly message
 41339 | D:15     | XOM: mild Hex miscast
 41399 | D:15     | XOM: enchant monster (bad)
 41402 | D:15     | XOM: chaos upgrade
 41575 | D:15     | XOM: inner flame monster(s)
 41579 | D:15     | XOM: enchant monster (good)
 41746 | D:15     | Got a scintillating iron ring
 41765 | D:15     | Identified the ring of Qehiorac {AC+4 Int+2 Acc+6 Dam+4} (You found it on level 15 of the Dungeon)
 41788 | D:15     | Found a bloodstained altar of Trog.
 41883 | D:15     | XOM: give mutations
 41883 | D:15     | Gained mutation: You passively map a small area around you. [Xom's grace]
 41883 | D:15     | Gained mutation: You are robust (+10% HP). [Xom's grace]
 42099 | D:15     | Found an iron altar of Okawaru.
 42153 | D:15     | XOM: inner flame monster(s)
 42287 | D:15     | XOM: god gift: 34 gold pieces
 42289 | D:15     | XOM: divination: detect creatures
 42304 | D:15     | XOM: divination: detect creatures
 42313 | D:15     | Paralysed by a great orb of eyes for 3 turns
 42327 | D:15     | XOM: polymorph frost giant -> fire giant
 42332 | D:15     | XOM: 4-stop teleportation journey
 42412 | D:14     | XOM: vitrification
 42499 | D:15     | Noticed a tengu reaver
 42512 | D:15     | a tengu reaver changed into a stone giant
 42512 | D:15     | XOM: polymorph tengu reaver -> stone giant
 42524 | D:15     | XOM: 1-stop teleportation journey
 42607 | D:14     | XOM: swap monsters
 42647 | D:14     | XOM: give mutation
 42647 | D:14     | Gained mutation: Your flesh is heat resistant. [Xom's grace]
 42667 | D:15     | Reached skill level 14 in Fighting
 42668 | D:15     | XOM: cast spell 'Dispersal'
 42689 | D:15     | XOM: summons 3 friendly demons
 42717 | D:15     | Got a fine wooden ring
 42761 | D:15     | Identified the ring of Law {Str+4 SInv} (You found it on level 15 of the Dungeon)
 42781 | D:15     | XOM: confuse monster(s)
 42820 | D:15     | Found a staircase to the Depths.
 42866 | D:15     | XOM: silly message
 42908 | D:15     | XOM: cast spell 'Statue Form'
 42958 | D:15     | Noticed Louise
 42971 | D:15     | Noticed a sphinx
 43165 | Lair:2   | XOM: mild Conj miscast
 43440 | Lair:7   | XOM: cast spell 'Necromutation'
 43581 | Lair:2   | XOM: silly message
 43696 | D:15     | XOM: enchant monster (bad)
 43938 | D:15     | Identified Sif Muna's Handbook of Malediction
 44074 | D:15     | XOM: summons 12 friendly demons
 44085 | D:15     | Reached skill level 10 in Shields
 44112 | D:15     | XOM: summons friendly shadow imp
 44145 | D:15     | Got a sparkling lapis lazuli ring
 44159 | D:15     | Found an iron altar of Okawaru.
 44161 | D:15     | XOM: confuse monster(s)
 44171 | D:15     | XOM: noise
 44352 | D:15     | XOM: 2-stop teleportation journey
 44358 | D:15     | Identified the cursed ring "Ecwic" {+Fly Str+4 Dex-3} (You found it on level 15 of the Dungeon)
 44388 | D:15     | XOM: enchant monster (bad)
 44391 | D:15     | XOM: blink monster(s)
 44413 | D:15     | Killed a sphinx
 44440 | D:15     | XOM: give mutation
 44440 | D:15     | Lost mutation: You are agile. (Dex +2) [Xom's mischief]
 44483 | D:15     | XOM: summons 4 hostile shadow creatures
 44521 | D:14     | XOM: give mutations
 44521 | D:14     | Gained mutation: You are very robust (+20% HP). [Xom's grace]
 44521 | D:14     | Lost mutation: You are somewhat resistant to both further mutation and mutation removal. [Xom's grace]
 44521 | D:14     | Lost mutation: You are somewhat resistant to further mutation. [Xom's grace]
 44521 | D:14     | Gained mutation: You evolve. [Xom's grace]
 44521 | D:14     | Gained mutation: You are agile. (Dex +2) [Xom's grace]
 44597 | D:14     | XOM: scenery: 1 doors open, 2 doors close
 44628 | D:14     | XOM: potion effect (curing)
 44915 | D:15     | XOM: noise
 45063 | D:15     | XOM: divine lightning (protected)
 45123 | D:15     | Lost mutation: You evolve. [end of evolution]
 45177 | D:15     | XOM: confuse monster(s)
 45180 | D:15     | XOM: summons 3 hostile shadow creatures
 45286 | D:14     | XOM: scenery: 2 doors close
 45355 | D:11     | Killed Gastronok
 45637 | Swamp:1  | Entered Level 1 of the Swamp
 45682 | Swamp:1  | XOM: cast spell 'Ice Form'
 45739 | Swamp:1  | XOM: enchant monster (good)
 45776 | Swamp:1  | XOM: summons 6 friendly demons
 45781 | Swamp:1  | XOM: polymorph quasit -> iron imp
 45840 | Swamp:1  | XOM: harmless Ice miscast
 45852 | Swamp:1  | XOM: enchant monster (good)
 45861 | Swamp:1  | XOM: swap monsters
 45964 | Swamp:1  | XOM: silly message
 46333 | Swamp:1  | XOM: chaos upgrade
 46380 | Swamp:1  | XOM: severe Pois miscast
 46525 | Swamp:2  | XOM: enchant monster (good)
 46555 | Swamp:2  | XOM: divination: detect creatures
 46560 | Swamp:2  | XOM: repel stairs
 46562 | Swamp:2  | XOM: medium Tloc miscast
 46562 | Swamp:2  | Cast into the Abyss (the capriciousness of Xom)
 46590 | Abyss:1  | Found a corrupted altar of Lugonu.
 46634 | Abyss:1  | XOM: stat loss: -1 Dex (12/13)
 46653 | Abyss:1  | XOM: draining
 46712 | Abyss:1  | Reached XP level 16. HP: 154/176 MP: 27/27
 46715 | Abyss:1  | Noticed a lich
 46719 | Abyss:1  | Paralysed by you for 5 turns
 46730 | Abyss:1  | Killed a lich
 46741 | Abyss:1  | XOM: mild Trmt miscast
 46789 | Abyss:1  | Paralysed by you for 4 turns
 46859 | Abyss:1  | XOM: summons friendly shadow imp
 46868 | Abyss:1  | XOM: mild Tloc miscast
 46894 | Abyss:1  | XOM: noise
 46896 | Abyss:1  | XOM: swap monsters
 46937 | Abyss:1  | XOM: god gift: 2 scrolls of enchant weapon II
 46985 | Abyss:1  | XOM: colour smoke trail
 46996 | Abyss:1  | XOM: medium Divn miscast
 47012 | Abyss:1  | XOM: noise
 47036 | Abyss:1  | XOM: silly message
 47254 | Abyss:1  | XOM: mild Summ miscast
 47291 | Abyss:1  | Killed Nergalle
 47370 | Abyss:1  | XOM: mild Conj miscast
 47425 | Abyss:1  | Killed Terence
 47454 | Abyss:1  | Noticed a tentacled starspawn
 47461 | Abyss:1  | XOM: confuse monster(s)
 47472 | Abyss:1  | XOM: harmless Ice miscast
 47486 | Abyss:1  | Killed a tentacled starspawn
 47639 | Abyss:1  | XOM: silly message
 47959 | Abyss:1  | Noticed a tentacled starspawn
 47975 | Abyss:1  | XOM: silly message
 47983 | Abyss:1  | Killed a tentacled starspawn
 48066 | Abyss:1  | XOM: silly message
 48068 | Abyss:1  | XOM: swap monsters
 48177 | Abyss:1  | Noticed a tentacled starspawn
 48179 | Abyss:1  | XOM: cast spell 'Conjure Ball Lightning'
 48185 | Abyss:1  | Killed a tentacled starspawn
 48193 | Abyss:1  | Noticed a tentacled monstrosity
 48193 | Abyss:1  | XOM: swap monsters
 48202 | Abyss:1  | XOM: polymorph sixfirhy -> hellwing
 48211 | Abyss:1  | XOM: enchant monster (good)
 48215 | Abyss:1  | XOM: potion effect (brilliance)
 48239 | Abyss:1  | Found a roughly hewn altar of Beogh.
 48297 | Abyss:1  | XOM: summons 11 friendly demons
 48317 | Abyss:1  | XOM: give mutations
 48317 | Abyss:1  | Gained mutation: You are very agile. (Dex +4) [Xom's grace]
 48317 | Abyss:1  | Gained mutation: Your digestive system is highly specialised to digest meat. [Xom's grace]
 48317 | Abyss:1  | Gained mutation: You have razor-sharp toenails. [Xom's grace]
 48317 | Abyss:1  | Gained mutation: You are somewhat resistant to further mutation. [Xom's grace]
 48328 | Abyss:1  | XOM: divine lightning (protected)
 48330 | Abyss:1  | XOM: polymorph iron imp -> crimson imp
 48335 | Abyss:1  | XOM: give mutations
 48335 | Abyss:1  | Lost mutation: You can breathe flames. [Xom's mischief]
 48335 | Abyss:1  | Lost mutation: You can spit moderately strong poison. [Xom's mischief]
 48338 | Abyss:1  | Noticed a tentacled starspawn
 48342 | Abyss:1  | XOM: inner flame monster(s)
 48355 | Abyss:1  | Killed a tentacled starspawn
 48433 | Abyss:1  | Noticed an Executioner
 48455 | Abyss:1  | Mangled by an Executioner

Action                   |  1- 3 |  4- 6 |  7- 9 | 10-12 | 13-15 | 16-18 || total
-------------------------+-------+-------+-------+-------+-------+-------++-------
Melee: Hand axe          |    29 |       |       |       |       |       ||    29
       Dagger            |    52 |   186 |   419 |  1162 |  2277 |   313 ||  4409
       Unarmed           |     2 |       |       |       |    10 |       ||    12
Throw: Dart              |     7 |    29 |    32 |    98 |     9 |     8 ||   183
       Tomahawk          |       |       |     3 |   107 |   237 |    21 ||   368
       Javelin           |       |       |       |    74 |    56 |     5 ||   135
 Abil: Spit Poison       |       |       |       |     2 |     3 |       ||     5
       Breathe Fire      |       |       |       |     1 |     6 |       ||     7
       Evoke Flight      |       |       |       |       |     2 |       ||     2
Evoke: Wand              |       |       |     1 |     5 |     6 |     9 ||    21
  Use: Potion            |       |     1 |       |    11 |     6 |     3 ||    21
       Scroll            |       |       |    15 |    13 |    27 |     2 ||    57
 Stab: Confused          |       |       |     1 |     3 |     4 |       ||     8
       Invisible         |       |       |       |     2 |       |     3 ||     5
       Distracted        |       |       |       |     3 |     2 |       ||     5
       Paralysed         |       |       |       |       |       |     1 ||     1
